 Dungeon Crawl Stone Soup version 0.19-a0-1899-g2d93087 (webtiles) character file.

46 dobroeutro the Bolt Thrower (level 3, 0/23 HPs)
             Began as a Kobold Hunter on Oct 19, 2016.
             Succumbed to an adder's poison
             ... on level 2 of the Dungeon.
             The game lasted 00:01:40 (1205 turns).

dobroeutro the Bolt Thrower (Kobold Hunter)         Turns: 1205, Time: 00:01:41

Health: 0/23       AC:  3    Str: 10    XL:     3   Next: 95%
Magic:  3/3        EV: 15    Int: 12    God:
Gold:   81         SH:  0    Dex: 15    Spells: 0 memorised, 2 levels left

rFire  . . .     SeeInvis .     b - +0 short sword
rCold  . . .     Gourm    .     c - +0 leather armour
rNeg   . . .     Faith    .     (shield restricted)
rPois  .         Spirit   .     (no helmet)
rElec  .         Reflect  .     (no cloak)
rCorr  .         Harm     .     (no gloves)
MR     .....                    (no boots)
Stlth  ++........               (no amulet)
                                (no ring)
                                (no ring)

@: lethally poisoned (0 -> -6)
A: carnivore 3
a: no special abilities


You were on level 2 of the Dungeon.
You were not hungry.

You visited 1 branch of the dungeon, and saw 2 of its levels.

You collected 81 gold pieces.

Inventory:

Hand Weapons
 a - a +1 hand crossbow
 b - a +0 short sword (weapon)
Missiles
 d - 44 bolts
Armour
 c - a +0 leather armour (worn)
Scrolls
 g - 3 scrolls of recharging {unknown}
 i - 3 scrolls of identify {unknown}
 j - a scroll of immolation {unknown}
 l - 4 scrolls of remove curse {unknown}
 m - 3 scrolls of amnesia {unknown}
 o - a scroll of fog {unknown}
 p - a scroll of noise {unknown}
 q - a scroll of teleportation {unknown}
Potions
 e - a potion of degeneration {unknown}
 h - 3 potions of curing {unknown}
 k - a potion of mutation {unknown}
 n - a potion of ambrosia {unknown}
Comestibles
 f - a meat ration


   Skills:
 + Level 3.0 Fighting
 * Level 2.0 Short Blades
 + Level 5.3 Crossbows
 + Level 2.7 Dodging
 - Level 1.3 Stealth


You had 2 spell levels left.
You didn't know any spells.

Dungeon Overview and Level Annotations

Branches:
Dungeon (2/15)

Altars:
Cheibriados


Innate Abilities, Weirdness & Mutations

You are small and have problems with some larger weapons.
You are carnivorous and can eat meat at any time.


Message History

No target in view!
No target in view!
No target in view!
No target in view!
* * * LOW HITPOINT WARNING * * *
You feel sick.
There is a lethal amount of poison in your body!
* * * LOW HITPOINT WARNING * * *
You feel sick.
* * * LOW HITPOINT WARNING * * *
You feel sick.
* * * LOW HITPOINT WARNING * * *
You feel sick.
* * * LOW HITPOINT WARNING * * *
You feel sick.
* * * LOW HITPOINT WARNING * * *
You feel sick.
* * * LOW HITPOINT WARNING * * *
You feel sick.
You die...

###############
#..............
#.############# ########
#.#### ####### #......#
#.##.. ....... #......#
#.##.########## #......#
#.##....# #..
###......###.##....#####.#
......$..@................
##.....#########..#.###(#
#...†## ##.#. ##.# #....
##.##... ....... #.##...
...#### ....... .. #.##...
## . # #.##... .#
####§##.##...


There were no monsters in sight!

Vanquished Creatures
  An adder (D:2)
  4 dart slugs
  A leopard gecko (D:1)
  2 bats
  A giant cockroach (D:1)
  3 goblins
  4 hobgoblins
  4 jackals
  3 kobolds
  3 rats
26 creatures vanquished.

Notes
Turn   | Place    | Note
-------+----------+-------------------------------------------
     0 | D:1      | dobroeutro the Kobold Hunter began the quest for the Orb.
     0 | D:1      | Reached XP level 1. HP: 12/12 MP: 1/1
    19 | D:1      | You fall through a shaft!
    75 | D:1      | Reached skill level 5 in Crossbows
    75 | D:1      | Reached XP level 2. HP: 8/18 MP: 2/2
   416 | D:1      | Reached skill level 1 in Short Blades
   461 | D:1      | Reached XP level 3. HP: 15/22 MP: 3/3
   988 | D:2      | Found a snail-covered altar of Cheibriados.
  1202 | D:2      | HP: 1/23 [poisoned by an adder]
  1205 | D:2      | Succumbed to an adder's poison

Vault maps used:
D:1:      mushboom_english_gardens
D:2:      lightli_temple_of_fire, cheibriados_altar_1

Skill      XL: |  1  2  3 |
---------------+----------+-----
Crossbows      | 5 |  5.3
Short Blades   | 1 2 |  2.0
Fighting       | 3 |  3.0
Dodging        | |  2.7
Stealth        | |  1.3

Action                   || total
-------------------------++-------
Melee: Short sword       ||   117
 Stab: Sleeping          ||     1
  Eat: Chunk             ||     4
Armor: Leather armour    ||    15
Dodge: Dodged            ||    97
